 Dungeon Crawl Stone Soup version 0.31.0-32-g396128a36d (webtiles) character file.

Game seed: 7359583925249169002

220 gohu the Magician (level 6, -1/60 HPs)
             Began as a Djinni Fire Elementalist on Mar 17, 2024.
             Slain by a black bear (2 damage)
             ... on level 3 of the Dungeon.
             The game lasted 00:04:39 (2659 turns).

gohu the Magician (Djinni Fire Elementalist)        Turns: 2659, Time: 00:04:39

Health: -1/60      AC: 23    Str:  7    XL:     6   Next: 18%
Gold:   104        EV:  2    Int: 19    God:
                   SH:  0    Dex: 13

rFire   . . .        (no weapon)
rCold   . . .        (no shield)
rNeg    . . .        l - melded +2 robe
rPois   ∞            (helmet currently unavailable)
rElec   .            (cloak currently unavailable)
rCorr   .            (gloves currently unavailable)
SInv    .            (boots unavailable)
Will    .....        (no amulet)
Stlth   ++           (no ring)
HPRegen 0.30/turn    (no ring)
MPRegen 0.00/turn

%: infuse magic (-2 HP)
@: tree-form
A: stationary, stasis, torment immunity, boosted hp, sickness immunity, (fire
resistance 2), (cold vulnerability 1), float, innate caster, HP casting, extra
vitality 1
a: no special abilities


You were on level 3 of the Dungeon.
You were a tree.
You visited 1 branch of the dungeon, and saw 4 of its levels.

You collected 104 gold pieces.

Inventory:

Armour
 a - a +0 robe
 l - a +2 robe (melded)
Jewellery
 k - a ring of ice
Scrolls
 b - a scroll of brand weapon {unknown}
 h - 2 scrolls of butterflies {unknown}
 i - 2 scrolls of vulnerability {unknown}
 j - a scroll of revelation {unknown}
 n - a scroll of acquirement {unknown}
Potions
 c - 2 potions of lignification
 d - a potion of berserk rage {unknown}
 e - 2 potions of degeneration {unknown}
 f - 2 potions of curing {unknown}
 g - a potion of enlightenment {unknown}
 m - a potion of invisibility {unknown}


   Skills:
 - Level 2.1 Dodging
 - Level 1.5 Stealth
 + Level 5.4 Spellcasting
 + Level 5.4 Conjurations
 + Level 5.4 Hexes
 + Level 5.4 Summonings
 + Level 5.4 Necromancy
 + Level 5.4 Translocations
 + Level 5.4 Fire Magic
 + Level 5.4 Ice Magic
 + Level 5.4 Air Magic
 + Level 5.4 Earth Magic
 + Level 5.4 Alchemy


You knew the following spells:

 Your Spells              Type           Power      Damage    Failure   Level
a - Foxfire               Conj/Fire      100%       2x1d9     1%          1
b - Scorch                Fire           50%        2d7       1%          2
c - Flame Wave            Conj/Fire      25%        2d8       13%         4
d - Mercury Vapours       Alch/Air       50%        N/A       1%          2
e - Volatile Blastmotes   Fire/Tloc      50%        2d14      3%          3
f - Slow                  Hex            100%       N/A       1%          1
g - Inner Flame           Hex/Fire       25%        N/A       3%          3
Your spell library was empty.

Dungeon Overview and Level Annotations

Branches:
Dungeon (4/15)
 Temple: D:4-7

Altars:

Annotations:
D:3 3 runed translucent doors, krest9999's ghost, amateur DEHu


Innate Abilities, Weirdness & Mutations

You are a tree.
Your roots penetrate the ground, keeping you stationary.
You cannot be teleported.
You are immune to unholy pain and torment.
Your maximum health is greatly increased.
Your equipment is partially melded.
You are immune to sickness and miasma.
You are immune to poison.
((Your flesh is very heat resistant. (rF++)))
((You are vulnerable to cold. (rC-)))
You float through the air rather than walking.
You learn spells naturally, not from books.
Your magical power is your life essence.
You have superior vitality. (+4 MHP)


Message History

Confirm with . or Enter, or press ? or * to list all spells.
Aiming: Slow (safe; 1% risk of failure)
Press: ? - help, Shift-Dir - straight line, f/p - scorpion
Aim: a scorpion (moderately wounded, chance to affect: 56%)
The scorpion seems to slow down.
* * * LOW HITPOINT WARNING * * *
The scorpion stings you but does no damage.
An orc comes into view. It is wielding a +0 short sword.
The orc attacks as it pursues you! The orc hits you with a +0 short sword.
* * * LOW HITPOINT WARNING * * *
A black bear comes into view.
The black bear growls angrily.
Found a scroll labelled PEPOWA RYOGEL.
There is a stone staircase leading up here.
The black bear barely misses you. The black bear misses you.
The black bear claws you but does no damage.
You fly upwards.
Level annotation: 3 runed translucent doors, krest9999's ghost, amateur DEHu
There is a stone staircase leading down here.
Casting: Slow (safe; 1% risk of failure)
Confirm with . or Enter, or press ? or * to list all spells.
Aiming: Slow (safe; 1% risk of failure)
Press: ? - help, Shift-Dir - straight line, f - black bear
Aim: a black bear (chance to affect: 56%)
The black bear resists with significant effort.
* * * LOW HITPOINT WARNING * * *
The black bear bites you.
* * * LOW HITPOINT WARNING * * *
The black bear claws you but does no damage. x2
Casting: Slow (safe; 1% risk of failure)
Confirm with . or Enter, or press ? or * to list all spells.
You don't have enough health to cast this spell.
Unknown command.
The black bear barely misses you. x2; The black bear claws you.
* * * LOW HITPOINT WARNING * * *
It was a potion of lignification.
You turn into a tree.
Your +2 robe melds into your body.
Your roots penetrate the ground.
The black bear bites you but does no damage.
The black bear claws you.
You die...

#........# #.....<##..####
###....### #......##.....#
#....# #..........##.###
####....## ##...............
#........# ##...##.###.##.#..
#........# #..#.##.##.....#.#
#........# #.##....##...###.#
#........###.#####.##...###.#
#..........h♣..###.##.......#
#........#####..##.....#.....
#........# ##.....#.##.....
#........## #.....#.##.....
#.........# #.....#.#######
#.........### #..)..#.####
#...........# #..........#
#.........#.# #......#####
#....<....#.###.......#


You could see a black bear.

Vanquished Creatures
  2 orc priests (D:4)
  An iguana (D:4)
  Jessica (D:3)
  Terence (D:3)
  2 adders (D:4)
  A shadow imp (D:4)
  4 dart slugs
  4 orcs (D:4)
  3 ball pythons (D:2)
  5 endoplasms
  A giant cockroach (D:4)
  4 hobgoblins
  3 quokkas
  5 bats
  2 frilled lizards
  4 goblins
  3 kobolds
  A rat (D:1)
47 creatures vanquished.

Vanquished Creatures (collateral kills)
  2 foxfires (D:2)
2 creatures vanquished.

Vanquished Creatures (others)
  116 foxfires
116 creatures vanquished.

Grand Total: 165 creatures vanquished

Notes
Turn   | Place    | Note
-------+----------+-------------------------------------------
     0 | D:1      | gohu the Djinni Fire Elementalist began the quest for the
                  | Orb.
     0 | D:1      | gohu set off with the following spells memorised: Foxfire,
                  | Scorch, Volatile Blastmotes, Inner Flame, Flame Wave.
     0 | D:1      | Reached XP level 1. HP: 15/15 MP: 0/0
   155 | D:1      | Found a faded altar of an unknown god.
   234 | D:1      | Reached XP level 2. HP: 13/21 MP: 0/0
   877 | D:2      | Reached XP level 3. HP: 25/25 MP: 0/0
   877 | D:2      | Learned a level 1 spell: Slow
  1395 | D:3      | Noticed Terence
  1622 | D:3      | Killed Terence
  1623 | D:3      | Reached XP level 4. HP: 18/31 MP: 0/0
  1797 | D:3      | Noticed Jessica
  1800 | D:3      | Killed Jessica
  1902 | D:3      | Found a runed translucent gate.
  1902 | D:3      | Found a runed translucent gate.
  1903 | D:3      | Found a runed translucent gate.
  1905 | D:3      | Noticed krest9999's ghost (amateur DEHu)
  2202 | D:4      | Reached XP level 5. HP: 31/35 MP: 0/0
  2202 | D:4      | Learned a level 2 spell: Mercury Vapours
  2381 | D:4      | Reached skill level 5 in Spellcasting
  2381 | D:4      | Reached skill level 5 in Conjurations
  2381 | D:4      | Reached skill level 5 in Hexes
  2381 | D:4      | Reached skill level 5 in Summonings
  2381 | D:4      | Reached skill level 5 in Necromancy
  2381 | D:4      | Reached skill level 5 in Translocations
  2381 | D:4      | Reached skill level 5 in Fire Magic
  2381 | D:4      | Reached skill level 5 in Ice Magic
  2381 | D:4      | Reached skill level 5 in Air Magic
  2381 | D:4      | Reached skill level 5 in Earth Magic
  2381 | D:4      | Reached skill level 5 in Alchemy
  2548 | D:4      | Reached XP level 6. HP: 37/40 MP: 0/0
  2633 | D:4      | HP: 1/40 [scorpion (2)]
  2649 | D:4      | Noticed a black bear
  2656 | D:3      | HP: 1/40 [black bear (3)]
  2659 | D:3      | Slain by a black bear

Illustrated notes

Levels and vault maps discovered:
D:1:      minmay_arrival_nine_rooms, layout_loops_ring,
          dreamdust_ecumenical_altar_statues
D:2:      cheibrodos_old_hovel, layout_rooms, kennysheep_path_1
D:3:      layout_basic, ebering_ghost_rock_garden, kennysheep_cross_room,
          uniq_terence, uniq_jessica, uniq_crazy_yiuf_cottage
D:4:      layout_basic, serial_aquarium, aquarium_bridge_square
          [aquarium_subvault_window, aquarium_subvault_wall,
          aquarium_subvault_window, aquarium_subvault_bridge],
          aquarium_bridge_straight [aquarium_subvault_bridge,
          aquarium_subvault_wall, aquarium_subvault_bridge,
          aquarium_subvault_wall], aquarium_window_fake, aquarium_window_1,
          aquarium_view_4, aquarium_balcony_3a, aquarium_pool_corner,
          uniq_menkaure

Skill      XL: |  1  2  3  4  5 |
---------------+----------------+-----
Spellcasting   | 4 5 |  5.4
Conjurations   | 4 5 |  5.4
Hexes          | 4 5 |  5.4
Summonings     | 4 5 |  5.4
Necromancy     | 4 5 |  5.4
Translocations | 4 5 |  5.4
Fire Magic     | 4 5 |  5.4
Ice Magic      | 4 5 |  5.4
Air Magic      | 4 5 |  5.4
Earth Magic    | 4 5 |  5.4
Alchemy        | 4 5 |  5.4
Dodging        | |  2.1
Stealth        | |  1.5

Action                     |  1- 3 |  4- 6 || total
---------------------------+-------+-------++-------
   Cast: Foxfire           |    51 |    24 ||    75
         Scorch            |    13 |    14 ||    27
         Volatile Blastmot |     1 |     5 ||     6
         Mercury Vapours   |       |     1 ||     1
         Slow              |       |     2 ||     2
    Use: Potion            |       |     1 ||     1
 Armour: Robe              |    13 |    19 ||    32
         Skin              |       |     2 ||     2
  Dodge: Dodged            |    33 |    14 ||    47
